AoeStats
← Sid

Arabia

508612491Analyzed
2v2 RM · 9d ago on Sep 23, 2026· 43m 1s· 4 players
Game mode
Random Map
Map size
Medium (4 player)
Population
200
Speed
Normal
Resources
Standard
Victory
Conquest
Starting age
Dark Age
Ending age
Imperial Age
RankedLock teamsTeams togetherTeam positionsShared explorationLock speedFull tech treeHidden civsTurbo modeCheats
Victory
Defeat
🇯🇵 Ethiopians · Japan
1298
+14
🇯🇵 Varangians · Japan
1221
+17
🇨🇭 Burmese · Switzerland
1298
-17
🇸🇦 Magyars · Saudi Arabia
1215
-14
fumin.jp
7:15 Loom
9:29 Feudal Age
9:32 Man-at-Arms
9:58 Double-Bit Axe
12:55 Arson
19:06 Fletching
25:30 Castle Age
23:30 Horse Collar
24:36 Gold Mining
24:47 Padded Archer Armor
26:32 Wheelbarrow
25:34 Crossbowman
26:11 Bodkin Arrow
28:37 Ballistics
29:58 Gold Shaft Mining
29:37 Bow Saw
31:58 Thumb Ring
34:51 Town Watch
35:21 Hand Cart
39:58 Imperial Age
39:07 Heavy Plow
39:30 Leather Archer Armor
39:46 Stone Mining
40:08 Arbalester
40:40 Capped Ram
41:40 Bracer
42:52 Siege Ram
44:37 Chemistry
Sid
6:33 Loom
9:11 Feudal Age
9:53 Double-Bit Axe
14:12 Horse Collar
18:02 Bloodlines
21:58 Scale Barding Armor
23:51 Gold Mining
26:09 Castle Age
24:16 Gold Mining
26:07 Forging
26:20 Light Cavalry
27:01 Husbandry
27:20 Heavy Plow
30:41 Chain Barding Armor
31:37 Wheelbarrow
33:39 Bow Saw
34:37 Iron Casting
38:27 Stone Mining
38:34 Fletching
39:12 Town Watch
39:18 Pikeman
42:49 Vendel Legacy
Spectres
8:12 Loom
10:32 Feudal Age
19:09 Horse Collar
24:15 Castle Age
22:33 Gold Mining
29:55 Wheelbarrow
29:39 Stone Mining
31:21 Forging
34:05 Husbandry
34:09 Scale Mail Armor
34:59 Heavy Plow
36:13 Hand Cart
40:15 Scale Barding Armor
44:11 Imperial Age
42:33 Fletching
Nightwraith
4:48 Loom
10:09 Feudal Age
23:37 Castle Age
24:27 Double-Bit Axe
29:17 Scale Barding Armor
31:13 Fletching
35:28 Bow Saw
Connection lost

Rejoining the realm…

Still unreachable

The connection could not be restored.

Session expired

The server has moved on; the page needs a fresh start.